Construct Section Command Post
Selects Air and Sea Battlegroup
Construct Field Infirmary
Construct Platoon Command Post
Selects Commando Section Paradrop
Commando Section Paradrop
Selects M1 Pack Howitzer Paradrop
6-pounder Anti-tank Gun Team
Unlock M3 Stuart Light Tanks
Selects Centaur Medium Tank
6-pounder Anti-tank Gun Team
M1 Pack Howitzer Paradrop
Construct Company Command Post
Unlock M3 Grant Medium Tanks
Selects Anti-tank Rocket Loiter
Unlock Towed 17-pounder Anti-tank Guns
17-pounder Anti-tank Gun Team
M1 Pack Howitzer Paradrop
Commando Section Paradrop